 Dungeon Crawl Stone Soup version 0.24.0-13-gcf9b319 (webtiles) character file.

Game seed: 18433681535255724965, levelgen mode: deterministic

355 Fang the Shield-Bearer (level 6, -3/40 HPs)
             Began as a Gargoyle Fighter on Dec 17, 2019.
             Slain by a white imp (5 damage)
             ... summoned by Eustachio
             ... on level 4 of the Dungeon.
             The game lasted 00:03:16 (2812 turns).

Fang the Shield-Bearer (Gargoyle Fighter)           Turns: 2812, Time: 00:03:16

Health: -3/40      AC: 13    Str: 22    XL:     6   Next: 63%
Magic:  6/6        EV:  7    Int:  8    God:
Gold:   203        SH:  9    Dex:  9    Spells: 5/5 levels left

rFire    . . .     SeeInvis .   a - +0 war axe
rCold    . . .     Gourm    .   B - +0 shield
rNeg     + . .     Faith    .   b - +0 scale mail
rPois    ∞         Spirit   .   (no helmet)
rElec    +         Reflect  .   (no cloak)
rCorr    .         Harm     .   j - +1 pair of gloves
MR       .....                  (no boots)
Stlth    ..........             (no amulet)
HPRegen  0.13/turn              (no ring)
MPRegen  0.10/turn              (no ring)

@: no status effects
A: negative energy resistance 1, electricity resistance, unbreathing,
petrification resistance, rot immunity, AC +4
a: no special abilities


You were on level 4 of the Dungeon.
You were not hungry.

You visited 1 branch of the dungeon, and saw 4 of its levels.

You collected 203 gold pieces.

Inventory:

Hand Weapons
 a - a +0 war axe (weapon)
Armour
 b - a +0 scale mail (worn)
 j - a +1 pair of gloves (worn)
 B - a +0 shield (worn)
Wands
 g - a wand of flame (8)
Scrolls
 f - a scroll of teleportation
 m - a scroll of remove curse
Potions
 d - a potion of berserk rage {unknown}
 e - a potion of haste
 h - a potion of ambrosia {unknown}
 i - a potion of heal wounds {unknown}
 k - a potion of degeneration {unknown}
Comestibles
 c - 9 rations
 l - a chunk of flesh


   Skills:
 + Level 4.8 Fighting
 + Level 3.4 Axes
 + Level 4.8 Armour
 + Level 4.9 Shields


You had 5 spell levels left.
You didn't know any spells.
Your spell library contained the following spells:

 Spells                   Type           Power        Failure   Level  Hunger
 Confusing Touch          Hex            #.....       99%         1    ##.....
 Confuse                  Hex            #.......     100%        3    ####...
 Gell's Gravitas          Tloc           #.........   100%        3    ####...
 Petrify                  Tmut/Erth      #.......     100%        4    #####..
 Metabolic Englaciation   Hex/Ice        #.........   100%        5    ######.
 Yara's Violent Unravell  Hex/Tmut       #.........   100%        5    ######.


Dungeon Overview and Level Annotations

Branches:
Dungeon (4/15)
 Temple: D:4-7

Altars:
Fedhas
Kikubaaqudgha

Annotations:
D:4 Eustachio


Innate Abilities, Weirdness & Mutations

You are resistant to torment.
Your stone body is resilient. (AC +4)
You are immune to poison.
You resist negative energy. (rN+)
You are resistant to electric shocks. (rElec)
You can survive without breathing.
You are immune to petrification.
You are immune to rotting.


Message History

You kill the river rat!
The river rat's corpse disappears in a puff of smoke!
You hit the white imp. You hit the rat. You hit Eustachio. The bat misses you.
You block the bat's attack. You block the rat's attack.
You block the bat's attack. Eustachio hits you but does no damage.
The white imp gestures at you. The puff of frost hits you.
* * * LOW HITPOINT WARNING * * *
You closely miss the bat. You barely miss Eustachio.
Your scale mail prevents you from hitting the bat.
You slash the rat!
You kill the rat!
The rat's corpse disappears in a puff of smoke!
You hit the white imp but do no damage. You block the bat's attack. x2
The bat hits you but does no damage.
Eustachio zaps a wand.
The puff of flame hits you but does no damage.
The white imp hits you.
* * * LOW HITPOINT WARNING * * *
The white imp freezes you.
You die...

#.#. .. #..##.##
. ##...... .#
..(..## .##
#....###....
###..b........
##.<.÷.........
#....@.........
###.@.........#
#.§5...b......
#..............
#...............
###...........##
#...##.##.###
##.##### ## ##


You could see Eustachio, a white imp and 2 bats.

Vanquished Creatures
  An ogre (D:3)
  Natasha (thrice) (D:3)
  3 worker ants
  Terence (D:2)
  4 adders
  An ooze (D:1)
  2 worms (D:3)
  2 dart slugs (D:1)
  3 leopard geckos
  3 orcs (D:3)
  2 ball pythons
  7 bats
  A giant cockroach (D:3)
  2 goblins (D:3)
  6 hobgoblins
  3 jackals (D:3)
  A quokka (D:3)
  3 frilled lizards
  5 kobolds
  6 rats
  4 plants (D:2)
63 creatures vanquished.

Notes
Turn   | Place    | Note
-------+----------+-------------------------------------------
     0 | D:1      | Fang the Gargoyle Fighter began the quest for the Orb.
     0 | D:1      | Reached XP level 1. HP: 14/14 MP: 1/1
    84 | D:1      | Reached XP level 2. HP: 17/19 MP: 2/2
   268 | D:1      | You fall into a shaft and drop 1 floor!
   328 | D:2      | Reached XP level 3. HP: 23/23 MP: 3/3
   346 | D:2      | Noticed Terence
   351 | D:2      | Killed Terence
   551 | D:2      | Reached XP level 4. HP: 29/29 MP: 4/4
  1546 | D:3      | Noticed Natasha
  1550 | D:3      | Killed Natasha
  1588 | D:3      | Reached XP level 5. HP: 30/33 MP: 5/5
  1616 | D:3      | Noticed an ogre
  1624 | D:3      | Killed an ogre
  1713 | D:3      | Noticed Natasha
  1723 | D:3      | Killed Natasha
  1723 | D:3      | Reached XP level 6. HP: 26/39 MP: 6/6
  2043 | D:3      | Noticed Natasha
  2053 | D:3      | Killed Natasha
  2530 | D:3      | Found a blossoming altar of Fedhas.
  2532 | D:3      | Found an ancient bone altar of Kikubaaqudgha.
  2564 | D:4      | Noticed Eustachio
  2812 | D:4      | HP: 2/40 [white imp[Eustachio] (2)]
  2812 | D:4      | Slain by a white imp

Levels and vault maps discovered:
D:1:      beargit_arrival_greenhouse, layout_rooms
D:2:      minmay_wonky_spiral, layout_basic, serial_forest,
          infiniplex_forest_end_double, infiniplex_forest_clump_tiny,
          infiniplex_forest_lined_2, infiniplex_forest_clump_medium,
          infiniplex_forest_lined_2, infiniplex_forest_join,
          infiniplex_forest_straight_1, infiniplex_forest_lined_3,
          infiniplex_forest_lined_2, serial_bayou_lake_a, uniq_terence
D:3:      layout_loops_ring, grunt_temple_overflow_growth_and_decay,
          kennysheep_generic_room_8, uniq_natasha
D:4:      layout_cave_pools, serial_column_ruins, column_ruins_grid_1,
          column_ruins_open_tiny_water, column_ruins_grid_3,
          column_ruins_columns_dead_end, column_ruins_grid_1,
          column_ruins_open_tiny, column_ruins_open_medium,
          nicolae_ossuary_entry_giza, grunt_decor_one_mirror,
          uniq_crazy_yiuf_cottage, uniq_menkaure, uniq_eustachio

Skill      XL: |  1  2  3  4  5 |
---------------+----------------+-----
Axes           | 2 3 |  3.4
Fighting       | 4 |  4.8
Armour         | 4 |  4.8
Shields        | 4 |  4.9

Action                   |  1- 3 |  4- 6 || total
-------------------------+-------+-------++-------
Melee: War axe           |   120 |   250 ||   370
  Use: Potion            |       |     1 ||     1
       Scroll            |       |     7 ||     7
  Eat: Chunk             |       |     7 ||     7
Armor: Scale mail        |    50 |   158 ||   208
Dodge: Dodged            |    25 |   111 ||   136
Block: Shield            |    59 |   162 ||   221
